 Dungeon Crawl Stone Soup version 0.26.1-2-gb8aa6d0 (webtiles) character file.

Game seed: 5600978888695494080

33 GeorgeSoros the Charlatan (level 3, -8/25 HPs)
             Began as a Gnoll Wanderer on Feb 11, 2021.
             Mangled by an orc
             ... wielding a +0 trident
              (10 damage)
             ... on level 2 of the Dungeon.
             The game lasted 00:05:18 (1243 turns).

GeorgeSoros the Charlatan (Gnoll Wanderer)          Turns: 1243, Time: 00:05:19

Health: -8/25      AC:  2    Str: 14    XL:     3   Next: 29%
Magic:  6/7        EV: 11    Int: 14    God:
Gold:   88         SH:  0    Dex: 15    Spells: 6/7 levels left

rFire    . . .     SeeInvis .   h - +3 flail (venom)
rCold    . . .     Faith    .   (no shield)
rNeg     . . .     Spirit   .   d - +0 robe
rPois    .         Reflect  .   (no helmet)
rElec    .         Harm     .   (no cloak)
rCorr    .         Rampage  .   (no gloves)
Will     .....                  (no boots)
Stlth    ++........             (no amulet)
HPRegen  0.08/turn              e - ring of ice
MPRegen  0.10/turn              g - ring of fire

@: no status effects
A: distributed training, fangs 1, strong nose
a: no special abilities


You were on level 2 of the Dungeon.
You visited 1 branch of the dungeon, and saw 2 of its levels.

You collected 88 gold pieces.

Inventory:

Hand Weapons
 a - a +4 dagger
 h - a +3 flail of venom (weapon)
Missiles
 c - 55 stones (quivered)
Armour
 d - a +0 robe (worn)
Jewellery
 e - a ring of ice (left hand)
 g - a ring of fire (right hand)
Scrolls
 j - a scroll of remove curse
Potions
 b - a potion of brilliance {unknown}
 f - 2 potions of ambrosia
 i - a potion of lignification {unknown}


   Skills:
 + Level 0.7 Fighting
 + Level 0.7 Short Blades
 + Level 0.7 Long Blades
 + Level 0.7 Axes
 + Level 0.7 Maces & Flails
 + Level 0.7 Polearms
 + Level 0.7 Staves
 + Level 0.7 Slings
 + Level 0.7 Bows
 + Level 0.7 Crossbows
 + Level 0.7 Throwing
 + Level 0.7 Armour
 + Level 0.7 Dodging
 + Level 0.7 Stealth
 + Level 0.7 Shields
 + Level 0.7 Unarmed Combat
 + Level 2.8 Spellcasting
 + Level 3.7 Conjurations
 + Level 2.1 Hexes
 + Level 0.5 Summonings
 + Level 0.5 Necromancy
 + Level 3.7 Translocations
 + Level 0.5 Transmutations
 + Level 3.7 Fire Magic
 + Level 0.5 Ice Magic
 + Level 0.5 Air Magic
 + Level 0.5 Earth Magic
 + Level 0.5 Poison Magic
 + Level 0.9 Invocations
 + Level 4.5 Evocations


You had 6 spell levels left.
You knew the following spells:

 Your Spells              Type           Power        Failure   Level
a - Sandblast             Erth           6%           19%         1

Your spell library contained the following spells:

 Spells                   Type           Power        Failure   Level
 Blink                    Tloc           N/A          7%          2
 Gell's Gravitas          Tloc           6%           14%         3
 Lesser Beckoning         Tloc           6%           14%         3
 Teleport Other           Tloc           12%          14%         3
 Sting                    Tmut/Pois      12%          19%         1
 Stone Arrow              Conj/Erth      14%          26%         3
 Ignite Poison            Fire/Tmut/Pois 9%           34%         3
 Passage of Golubria      Tloc           N/A          43%         4


Dungeon Overview and Level Annotations

Branches:
Dungeon (2/15)

Altars:


Innate Abilities, Weirdness & Mutations

Your experience applies equally to all skills.
You have very sharp teeth.
Your uncanny sense of smell can sniff out nearby items.


Message History

You sock the orc!
You kill the orc!
The orc hits you from afar with a +0 trident.
* * * LOW HITPOINT WARNING * * *
The orc priest barely misses you.
You hit the orc priest.
The orc priest is poisoned.
You bite the orc priest, but do no damage.
The orc priest is lightly wounded.
The orc hits you from afar with a +0 trident.
* * * LOW HITPOINT WARNING * * *
The orc priest closely misses you.
Casting: Sandblast (safe; 19% risk of failure)
Confirm with . or Enter, or press ? or * to list all spells.
Aiming: Sandblast (safe; 19% risk of failure)
Press: ? - help, Shift-Dir - straight line, f - orc priest
Aim: an orc priest, wearing a +0 ring mail (moderately wounded, very poisoned, 19% to evade)
The blast of sand misses the orc priest.
c - 55 stones The orc hits you from afar with a +0 trident!
You die...

#.# #.# #. !.. ###.#######
###.# .... ..............
...#######o..g ....#####....#
#..........# ....#
###....#####.....oo...#
....##...........#......o...#
....##.##....###.#...o(o....#
....##.##....# #@#..g(......#
....#...#....###o#..........#
.................o............
....#...#....###.#...........#
###.#...#....###.#.#########.#
#.#..†.........#.# #
###)#............###
#................#
#........)........


You could see an orc priest (very poisoned) and an orc.

Vanquished Creatures
  A leopard gecko (D:1)
  An orc (D:2)
  4 bats
  3 giant cockroaches
  4 goblins
  4 hobgoblins
  4 kobolds (D:1)
  3 frilled lizards
  6 rats
30 creatures vanquished.

Notes
Turn   | Place    | Note
-------+----------+-------------------------------------------
     0 | D:1      | GeorgeSoros the Gnoll Wanderer began the quest for the Orb.
     0 | D:1      | GeorgeSoros set off with the following items: a +0 dagger,
                  | a +0 robe; and the following spells available to memorise:
                  | Blink, Gell's Gravitas, Lesser Beckoning, Teleport Other,
                  | Sandblast, Sting, Stone Arrow, Ignite Poison, Passage of
                  | Golubria
     0 | D:1      | Reached XP level 1. HP: 13/13 MP: 4/4
     2 | D:1      | Learned a level 1 spell: Sandblast
   354 | D:1      | Reached XP level 2. HP: 17/19 MP: 5/5
  1098 | D:2      | Reached XP level 3. HP: 21/25 MP: 5/7
  1243 | D:2      | Mangled by an orc

Illustrated notes

Levels and vault maps discovered:
D:1:      psy_arrival_radial01, layout_basic
D:2:      layout_basic, lemuel_coloured_pillars_altar, marbit_many_paths

Skill      XL: |  1 |
---------------+----+-----
Hexes          | 2 |  2.1
Fighting       | |  0.7
Short Blades   | |  0.7
Long Blades    | |  0.7
Axes           | |  0.7
Maces & Flails | |  0.7
Polearms       | |  0.7
Staves         | |  0.7
Slings         | |  0.7
Bows           | |  0.7
Crossbows      | |  0.7
Throwing       | |  0.7
Armour         | |  0.7
Dodging        | |  0.7
Stealth        | |  0.7
Shields        | |  0.7
Unarmed Combat | |  0.7
Spellcasting   | |  2.8
Conjurations   | |  3.7
Summonings     | |  0.5
Necromancy     | |  0.5
Translocations | |  3.7
Transmutations | |  0.5
Fire Magic     | |  3.7
Ice Magic      | |  0.5
Air Magic      | |  0.5
Earth Magic    | |  0.5
Poison Magic   | |  0.5
Invocations    | |  0.9
Evocations     | |  4.5

Action                   || total
-------------------------++-------
Melee: Dagger            ||    40
       Bite              ||     8
       Flail             ||     7
 Cast: Sandblast         ||    24
  Use: Scroll            ||     4
Armor: Robe              ||    13
Dodge: Dodged            ||    31
